 Dungeon Crawl Stone Soup version 0.30-a0-760-g5a9884bb7c (webtiles) character file.

Game seed: 14329015243178359990

920 jlumianski the Trooper (level 7, -2/60 HPs)
             Began as a Demonspawn Fighter on Feb 11, 2023.
             Slain by Pikel
             ... wielding a +1 whip of freezing
              (8 damage)
             ... on level 4 of the Dungeon.
             The game lasted 00:19:06 (3377 turns).

jlumianski the Trooper (Demonspawn Fighter)         Turns: 3377, Time: 00:19:07

Health: -2/60      AC: 10    Str: 19      XL:     7   Next: 83%
Magic:  7/7        EV: 11    Int:  9      God:
Gold:   164        SH:  5    Dex: 11 (12) Spells: 6/6 levels left

rFire   . . .      SeeInvis .    a - +0 war axe
rCold   . . .      Faith    .    c - +0 buckler
rNeg    . . .      Spirit   .    b - +0 scale mail
rPois   .          Reflect  .    q - +1 helmet
rElec   .          Harm     .    (no cloak)
rCorr   +          Rampage  .    (no gloves)
Will    +....                    (no boots) Stlth
                                 (no amulet)
HPRegen 0.30/turn                y - ring of willpower
MPRegen 0.10/turn                A - ring of resist corrosion

@: mighty
A: spiny 1, demonic magic 1, weakness stinger 1
a: no special abilities


You were on level 4 of the Dungeon.
You visited 1 branch of the dungeon, and saw 5 of its levels.

You collected 164 gold pieces.

Inventory:

Hand Weapons
 a - a +0 war axe (weapon)
Missiles
 r - 3 javelins (quivered)
 t - 27 stones
 B - 2 poisoned darts
Armour
 b - a +0 scale mail (worn)
 c - a +0 buckler (worn)
 q - a +1 helmet (worn)
 u - a +0 cloak
 C - a +0 pair of gloves
Jewellery
 x - a ring of fire
 y - a ring of willpower (left hand)
 A - a ring of resist corrosion (right hand)
 D - a ring of protection from cold
 F - a +6 ring of dexterity
Wands
 w - a wand of flame (17)
Scrolls
 f - 2 scrolls of teleportation
 j - 3 scrolls of blinking
 m - a scroll of fog
 o - a scroll of poison {unknown}
 p - a scroll of magic mapping {unknown}
 s - a scroll of noise {unknown}
Potions
 e - 2 potions of brilliance
 k - 2 potions of curing {unknown}
 l - a potion of haste
 n - a potion of ambrosia
 v - a potion of degeneration {unknown}
 z - a potion of cancellation


   Skills:
 * Level 7.3 Fighting
 + Level 6.7 Axes
 + Level 6.3 Armour
 + Level 5.1 Dodging
 + Level 6.1 Shields


You had 6 spell levels left.
You didn't know any spells.
Your spell library contained the following spells:

 Spells                   Type           Power      Damage    Failure   Level
 Lesser Beckoning         Tloc           0%         N/A       91%         2
 Gell's Gravitas          Tloc           0%         N/A       99%         3
 Teleport Other           Tloc           0%         N/A       99%         3


Dungeon Overview and Level Annotations

Branches:
Dungeon (5/15)
 Temple: D:4-7

Altars:
Vehumet

Annotations:
D:4 Pikel


Innate Abilities, Weirdness & Mutations

You are partially covered in sharp spines.
Spells you cast may paralyse adjacent enemies.
You have a small tail.


Message History

The black bear is struck by your spines.
The black bear closely misses you. The black bear misses you.
The black bear claws you but does no damage.
Pikel completely misses you. The lemure closely misses you.
You closely miss Pikel.
Pikel is heavily wounded.
You barely miss the lemure. You hit the black bear.
The black bear goes berserk!
Pikel hits you with a +1 whip of freezing.
Pikel freezes you. The lemure is struck by your spines.
The lemure hits you but does no damage.
You hit Pikel.
Pikel is severely wounded.
You closely miss the lemure. You barely miss the black bear.
The black bear is struck by your spines.
The black bear bites you!
* * * LOW HITPOINT WARNING * * *
The black bear closely misses you. The black bear barely misses you.
You block the lemure's attack.
Pikel hits you with a +1 whip of freezing.
* * * LOW HITPOINT WARNING * * *
Pikel freezes you.
* * * LOW HITPOINT WARNING * * *
You block the black bear's attack. The black bear barely misses you.
You block the black bear's attack.
Pikel hits you with a +1 whip of freezing.
* * * LOW HITPOINT WARNING * * *
Pikel freezes you.
* * * LOW HITPOINT WARNING * * *
The lemure closely misses you.
You completely miss Pikel.
Your tail-slap misses Pikel.
Pikel is severely wounded.
You closely miss the lemure. You barely miss the black bear.
You block the black bear's attack. The black bear barely misses you.
The black bear claws you but does no damage.
The black bear is struck by your spines.
You kill the black bear!
Pikel is struck by your spines.
Pikel hits you with a +1 whip of freezing!
You die...

#...# #......)))..
.####...####.##.#)#....
#..........รท...#...>...
#.............###......
#.......)>.....#..##...
..
.####...####......###..
#.# #...# #####.......
#.# #)K5# #.###### #.#
#.@.###### #.######
##.#########...##...#
#.......
##..##.....>#........#
########
#....#.####.#...##...#
#.....####.#######.##
##......##.# ####.##
##........# #.....#
##.......####.##..#
##.....###.......#


You could see Pikel and a lemure.

Vanquished Creatures
  2 black bears (D:4)
  A lemure (D:4)
  The ghost of barkas the Poker, a weakling TeRe (D:3)
  3 quasits (D:3)
  A hound (D:4)
  A gnoll bouda (D:4)
  A jelly (D:4)
  Natasha (twice) (D:2)
  An orc wizard (D:3)
  2 adders (D:3)
  9 gnolls
  4 worms
  2 dart slugs (D:1)
  4 orcs (D:3)
  4 endoplasms
  4 giant cockroaches
  8 hobgoblins
  6 kobolds
  4 quokkas
  6 ball pythons
  7 bats
  13 frilled lizards
  7 goblins
  8 rats
101 creatures vanquished.

Vanquished Creatures (others)
  12 plants (D:2)
12 creatures vanquished.

Grand Total: 113 creatures vanquished

Notes
Turn   | Place    | Note
-------+----------+-------------------------------------------
     0 | D:1      | jlumianski the Demonspawn Fighter began the quest for the
                  | Orb.
     0 | D:1      | Reached XP level 1. HP: 18/18 MP: 1/1
   290 | D:1      | Gained mutation: You have a small tail. [demonic ancestry]
   290 | D:1      | Reached XP level 2. HP: 24/24 MP: 2/2
   975 | D:2      | You fall into a shaft and drop 1 floor!
   999 | D:3      | Reached XP level 3. HP: 25/29 MP: 3/3
  1109 | D:2      | Found a faded altar of an unknown god.
  1153 | D:2      | Found a radiant altar of Vehumet.
  1472 | D:2      | Noticed Natasha
  1492 | D:2      | Killed Natasha
  1493 | D:2      | Gained mutation: Spells you cast may paralyse adjacent
                  | enemies. [demonic ancestry]
  1493 | D:2      | Reached XP level 4. HP: 14/35 MP: 4/4
  1499 | D:2      | Noticed Natasha
  1503 | D:2      | HP: 1/35 [Natasha (3)]
  1650 | D:2      | Killed Natasha
  1833 | D:3      | Gained mutation: You are partially covered in sharp spines.
                  | [demonic ancestry]
  1833 | D:3      | Reached XP level 5. HP: 38/42 MP: 5/5
  1845 | D:3      | Found a transporter.
  1855 | D:3      | Found a transporter.
  1983 | D:3      | Reached skill level 4 in Fighting
  2353 | D:3      | Noticed barkas's ghost (weakling TeRe)
  2745 | D:3      | Reached XP level 6. HP: 49/49 MP: 6/6
  2832 | D:3      | Killed barkas's ghost
  2833 | D:3      | Reached skill level 1 in Dodging
  2846 | D:3      | Reached skill level 7 in Fighting
  2846 | D:3      | Reached skill level 5 in Dodging
  2846 | D:3      | Reached XP level 7. HP: 60/60 MP: 7/7
  2958 | D:5      | Entered Level 5 of the Dungeon
  3356 | D:4      | Noticed Pikel
  3377 | D:4      | Slain by Pikel

Illustrated notes

Levels and vault maps discovered:
D:1:      tarquinn_simple_flora_water_a, layout_loops_corners,
          kennysheep_pointless_box
D:2:      cheibrodos_old_hovel, layout_rooms, chequers_ecumenical_altar_lobes,
          basic_altar, minmay_lizard_king, uniq_natasha
D:3:      layout_loops_ring, gammafunk_ghost_stat_death
D:4:      kennysheep_the_goblin_king, layout_loops_cross, nrook_mini_backslash,
          nrook_loot_triangle, minmay_box_of_dots, uniq_pikel
D:5:      layout_layer_cave, nicolae_sif_muna_little_library,
          uniq_prince_ribbit1

Skill      XL: |  1  2  3  4  5  6 |
---------------+-------------------+-----
Axes           | 2 3 6 |  6.7
Armour         | 3 6 |  6.3
Shields        | 3 6 |  6.1
Fighting       | 4 7 |  7.3
Dodging        | 5 |  5.1

Action                     |  1- 3 |  4- 6 |  7- 9 || total
---------------------------+-------+-------+-------++-------
  Melee: War axe           |   140 |    73 |    51 ||   264
         Tailslap          |    11 |     6 |     6 ||    23
  Throw: Javelin           |       |     4 |       ||     4
    Use: Scroll            |       |     4 |     4 ||     8
         Potion            |       |     1 |     4 ||     5
 Armour: Scale mail        |    88 |    64 |    38 ||   190
  Dodge: Dodged            |    53 |    46 |    61 ||   160
  Block: Buckler           |    29 |    31 |    21 ||    81

Table legend: (Time is in decaauts)
 A = Elapsed time spent in this place.
 B = Non-inter-level travel time spent in this place.
 C = Inter-level travel time spent in this place.
 D = Time resting spent in this place.
 E = Time spent auto-exploring this place.
 F = Levels seen in this place.
 G = Mean time per level.
                   A        B        C        D        E       F      G
               +--------+--------+--------+--------+--------+-----+--------+
         Total |   3490 |   3397 |     93 |    379 |   1666 |   5 |  698.0 |
       Dungeon |   3490 |   3397 |     93 |    379 |   1666 |   5 |  698.0 |
               +--------+--------+--------+--------+--------+-----+--------+

Top non-repeatable levels by time:
     D:3: 1171 daAuts
     D:1: 925 daAuts
     D:2: 891 daAuts
     D:4: 499 daAuts
     D:5: 1 daAuts
